AoeStats
← tpg1985

Arena

509512961Analyzed
3v3 RM · 5d ago on Sep 27, 2026· 49m 16s· 6 players
Game mode
Random Map
Map size
Normal (6 player)
Population
200
Speed
Normal
Resources
Standard
Victory
Conquest
Starting age
Dark Age
Ending age
Imperial Age
RankedLock teamsTeams togetherTeam positionsShared explorationLock speedFull tech treeHidden civsTurbo modeCheats
Victory
Defeat
🇨🇱 Poles · Chile
879
+14
🇨🇱 Romans · Chile
878
+14
🇨🇱 Turks · Chile
876
+14
🇦🇺 Mongols · Australia
883
-16
🇯🇵 Japanese · Japan
865
-15
🇧🇷 Goths · Brazil
762
-11
heat7770
0:33 Loom
10:33 Feudal Age
11:22 Double-Bit Axe
12:33 Wheelbarrow
12:27 Horse Collar
13:09 Gold Mining
13:32 Stone Mining
21:29 Castle Age
22:40 Hand Cart
22:33 Arson
22:49 Squires
27:19 Bow Saw
27:12 Heavy Plow
28:02 Scale Mail Armor
28:12 Forging
30:26 Gold Shaft Mining
37:20 Chain Mail Armor
37:41 Iron Casting
41:21 Imperial Age
Legendario
11:40 Feudal Age
12:10 Double-Bit Axe
12:08 Horse Collar
18:31 Castle Age
16:41 Man-at-Arms
19:22 Heavy Plow
19:35 Bow Saw
19:49 Long Swordsman
20:34 Scale Mail Armor
21:03 Padded Archer Armor
21:24 Elite Skirmisher
22:13 Fletching
24:23 Pikeman
27:38 Wheelbarrow
28:21 Squires
33:15 Hand Cart
33:10 Loom
33:48 Bodkin Arrow
34:57 Anarchy
37:30 Imperial Age
36:36 Leather Archer Armor
36:38 Chain Mail Armor
36:34 Forging
38:37 Perfusion
38:58 Conscription
40:00 Halberdier
48:31 Iron Casting
KAPTN
9:45 Loom
11:30 Feudal Age
12:40 Horse Collar
15:49 Castle Age
16:25 Double-Bit Axe
27:27 Scale Barding Armor
27:33 Forging
28:38 Bloodlines
28:30 Husbandry
30:10 Bow Saw
30:02 Heavy Plow
30:35 Chain Barding Armor
31:53 Iron Casting
31:11 Fletching
35:14 Light Cavalry
38:51 Imperial Age
35:48 Light Cavalry
38:01 Wheelbarrow
39:34 Hand Cart
39:40 Hussar
41:47 Blast Furnace
40:43 Bodkin Arrow
40:59 Elite Mangudai
46:37 Ballistics
46:30 Fortified Wall
48:59 Conscription
Julio Chumil
11:17 Feudal Age
11:47 Double-Bit Axe
11:45 Horse Collar
19:18 Castle Age
17:55 Gold Mining
17:57 Stone Mining
20:21 Wheelbarrow
20:10 Bow Saw
20:11 Heavy Plow
22:34 Bloodlines
23:50 Light Cavalry
24:44 Forging
26:27 Hand Cart
26:19 Loom
26:50 Husbandry
35:18 Imperial Age
33:14 Szlachta Privileges
35:30 Iron Casting
35:01 Scale Barding Armor
35:02 Murder Holes
38:50 Blast Furnace
38:10 Chain Barding Armor
37:16 Cavalier
44:53 Conscription
47:05 Lechitic Legacy
46:35 Winged Hussar
47:35 Fletching
47:46 Padded Archer Armor
ELCUEROVIVO
11:50 Feudal Age
16:34 Castle Age
24:50 Horse Collar
28:36 Imperial Age
26:39 Double-Bit Axe
28:58 Gold Mining
29:11 Heavy Plow
36:00 Gold Shaft Mining
35:53 Bow Saw
41:21 Conscription
42:35 Heavy Scorpion
48:27 Wheelbarrow
tpg1985
11:29 Feudal Age
16:09 Castle Age
16:56 Double-Bit Axe
23:05 Bow Saw
24:31 Scale Mail Armor
26:54 Forging
27:06 Man-at-Arms
27:56 Pikeman
28:37 Horse Collar
30:06 Iron Casting
30:01 Chain Mail Armor
30:01 Long Swordsman
35:31 Imperial Age
36:39 Conscription
37:37 Heavy Plow
39:18 Wheelbarrow
38:41 Legionary
42:04 Blast Furnace
44:26 Ballistics
43:54 Halberdier
45:30 Squires
46:53 Chemistry
46:42 Capped Ram
48:35 Hand Cart
Connection lost

Rejoining the realm…

Still unreachable

The connection could not be restored.

Session expired

The server has moved on; the page needs a fresh start.